 Dungeon Crawl Stone Soup version 0.23.2-1-ga50397a (webtiles) character file.

Game seed: 6689633346307869657

308 Heatsaber the Chopper (level 6, -3/56 HPs)
             Began as a Hill Orc Monk on May 28, 2019.
             Killed from afar by an orc wizard (6 damage)
             ... with a puff of flame
             ... on level 3 of the Dungeon.
             The game lasted 00:13:11 (3334 turns).

Heatsaber the Chopper (Hill Orc Monk)               Turns: 3334, Time: 00:13:15

Health: -3/56      AC:  6    Str: 15 (16) XL:     6   Next: 40%
Magic:  6/6        EV: 10    Int:  7 (10) God:
Gold:   158        SH:  0    Dex: 16 (17) Spells: 5/5 levels left

rFire    . . .     SeeInvis .   a - +0 hand axe
rCold    . . .     Gourm    .   (no shield)
rNeg     . . .     Faith    +   o - +0 scale mail
rPois    +         Spirit   .   (no helmet)
rElec    .         Reflect  .   (no cloak)
rCorr    .         Harm     .   (no gloves)
MR       .....                  (no boots)
Stlth    +.........             q - amulet of faith
HPRegen  0.18/turn              e - +4 ring of dexterity
MPRegen  0.10/turn              g - ring of poison resistance

@: no status effects
A: no striking features
a: no special abilities


You were on level 3 of the Dungeon.
You were very hungry.

You visited 1 branch of the dungeon, and saw 3 of its levels.

You collected 158 gold pieces.

Inventory:

Hand Weapons
 a - a +0 hand axe (weapon)
Missiles
 p - 14 poisoned needles
Armour
 b - a +0 robe
 h - a +0 buckler
 o - a +0 scale mail (worn)
Jewellery
 e - a +4 ring of dexterity (left hand)
 g - a ring of poison resistance (right hand)
 k - an uncursed ring of wizardry
 q - an amulet of faith (around neck)
Wands
 d - a wand of digging (5)
Scrolls
 f - a scroll of immolation
 i - a scroll of blinking {unknown}
 l - a scroll of identify
 r - a scroll of noise {unknown}
Potions
 j - a potion of flight {unknown}
 m - 4 potions of agility
Comestibles
 c - 4 rations


   Skills:
 + Level 5.1 Fighting
 * Level 7.1 Axes
 + Level 3.1 Armour
 - Level 2.4 Dodging
 - Level 1.5 Stealth


You had 5 spell levels left.
You didn't know any spells.
Your spell library contained the following spells:

 Spells                   Type           Power        Failure   Level  Hunger
 Magic Dart               Conj           #...         87%         1    ##.....
 Blink                    Tloc           N/A          95%         2    ###....
 Call Imp                 Summ           #.......     95%         2    ###....
 Slow                     Hex            #.......     95%         2    ###....
 Conjure Flame            Conj/Fire      #.......     99%         3    ####...
 Mephitic Cloud           Conj/Pois/Air  #.......     99%         3    ####...


Dungeon Overview and Level Annotations

Branches:
Dungeon (3/15)

Altars:
Gozag
Makhleb
Qazlal


Message History

You barely miss something.
You hear some strange, mumbled words.
A puff of frost appears from out of thin air!
The puff of frost hits you!
* * * LOW HITPOINT WARNING * * *
You hear some strange, mumbled words.
A magic dart appears from out of thin air!
The magic dart hits you.
* * * LOW HITPOINT WARNING * * *
You feel better.
The orc hits you from afar with a +0 trident.
* * * LOW HITPOINT WARNING * * *
Something hits you but does no damage.
It was a potion of degeneration.
There was something very wrong with that liquid.
You feel weakened.
You feel dopey.
You feel clumsy.
You hear some strange, mumbled words.
A puff of flame appears from out of thin air!
The puff of flame hits you.
You die...

### #.. #.# #.# #.# .#### #.# #
..(...###.#####.# #..>..o{@...#
... ######.####### #.#
##.........# #.# #..).#####.#
##.## #..#.# #.# #...# #..#.#
#.# #...# #####..#.# #.# #...#
#......#.#####.# #####...#####
#..............###...........##


You could see an orc.

Vanquished Creatures
  Sigmund (D:2)
  Terence (D:2)
  4 gnolls (D:2)
  3 adders
  An ooze (D:1)
  A dart slug (D:1)
  2 leopard geckos (D:2)
  5 orcs
  7 bats
  5 giant cockroaches
  4 goblins
  4 jackals (D:2)
  6 kobolds
  A quokka (D:3)
  3 ball pythons
  3 frilled lizards
  5 rats
56 creatures vanquished.

Notes
Turn   | Place    | Note
-------+----------+-------------------------------------------
     0 | D:1      | Heatsaber the Hill Orc Monk began the quest for the Orb.
     0 | D:1      | Reached XP level 1. HP: 19/19 MP: 1/1
   219 | D:1      | Reached XP level 2. HP: 11/27 MP: 2/2
   603 | D:1      | Reached skill level 1 in Armour
   738 | D:1      | Reached XP level 3. HP: 32/33 MP: 3/3
  1242 | D:2      | Found a stormy altar of Qazlal.
  1272 | D:2      | Reached skill level 5 in Axes
  1291 | D:2      | Noticed Terence
  1328 | D:2      | Killed Terence
  1328 | D:2      | Reached XP level 4. HP: 15/40 MP: 4/4
  1515 | D:2      | Noticed Sigmund
  1522 | D:2      | Killed Sigmund
  1522 | D:2      | Reached skill level 6 in Axes
  1522 | D:2      | Reached XP level 5. HP: 24/47 MP: 5/5
  1553 | D:2      | Reached XP level 6. HP: 34/55 MP: 6/6
  1599 | D:2      | Reached skill level 5 in Fighting
  1713 | D:2      | Found a burning altar of Makhleb.
  1748 | D:2      | Noticed an orc warrior
  1879 | D:2      | HP: 2/56 [orc warrior/+0 long sword (12)]
  1919 | D:2      | HP: 2/56 [orc warrior/+0 long sword (7)]
  2554 | D:2      | Reached skill level 7 in Axes
  3057 | D:2      | Found an opulent altar of Gozag.
  3332 | D:3      | HP: 1/56 [something/magic dart (4)]
  3334 | D:3      | Killed from afar by an orc wizard

Skill      XL: |  1  2  3  4  5  6 |
---------------+-------------------+-----
Armour         | 1 2 3 |  3.1
Fighting       | 4 5 |  5.1
Axes           | 5 6 7 |  7.1
Dodging        | |  2.4
Stealth        | |  1.5

Action                   |  1- 3 |  4- 6 || total
-------------------------+-------+-------++-------
Melee: Hand axe          |   102 |   126 ||   228
  Use: Potion            |     1 |     5 ||     6
       Scroll            |       |     3 ||     3
 Stab: Sleeping          |     4 |       ||     4
  Eat: Chunk             |     1 |     2 ||     3
       Ration            |       |     1 ||     1
Armor: Robe              |    17 |       ||    17
       Scale mail        |       |    47 ||    47
Dodge: Dodged            |    65 |    65 ||   130
